 Dungeon Crawl Stone Soup version 0.29-a0-598-gd8304a5bf4 (webtiles) character file.

Game seed: 6136008786555749819

1719 ytrimaz the Sneak (level 9, -2/62 HPs)
             Began as an Octopode Transmuter on June 16, 2022.
             Was an Elder of Dithmenos.
             Slain by a komodo dragon (32 damage)
             ... on level 6 of the Dungeon.
             The game lasted 00:12:39 (7054 turns).

ytrimaz the Sneak (Octopode Transmuter)             Turns: 7054, Time: 00:12:40

Health: -2/62      AC:  2    Str: 11    XL:     9   Next: 4%
Magic:  20/22      EV: 19    Int: 19    God:    Dithmenos [****..]
Gold:   309        SH:  0    Dex: 18    Spells: 5/14 levels left

rFire   . . .      SeeInvis .     - Unarmed
rCold   + . .      Faith    .   (shield currently unavailable)
rNeg    . . .      Spirit   .   (helmet currently unavailable)
rPois   x          Reflect  .   j - amulet of the acrobat
rElec   .          Harm     .   c - ring "Mucuh" {rC+ MP+9 Str+2}
rCorr   .          Rampage  .   (no ring)
Will    .....                   (no ring)
Stlth   +++++.....              (no ring)
HPRegen 0.20/turn               (no ring)
MPRegen 0.18/turn               (no ring)
                                (no ring)
                                (no ring)

@: spider-form, wreathed by umbra
A: venomous fangs, almost no armour, (amphibious), 8 rings, tiny, (camouflage
1), (gelatinous body 1), (nimble swimmer 1), (tentacles)
a: End Transformation, Renounce Religion, Shadow Step


You were on level 6 of the Dungeon.
You worshipped Dithmenos.
Dithmenos was greatly pleased with you.
You were a venomous arachnid creature.
You visited 1 branch of the dungeon, and saw 6 of its levels.
You also visited: Sewer.

You collected 309 gold pieces.

Inventory:

Jewellery
 c - the ring "Mucuh" (left front leg) {rC+ MP+9 Str+2}
   (You acquired it on level 1 of the Dungeon)

   [ring of magical power]

   Str:       It affects your strength (+2).
   rC:        It protects you from cold.
   MP:        It affects your magic capacity (+9).
 j - an amulet of the acrobat (around neck)
Wands
 k - a wand of iceblast (7)
Scrolls
 a - a scroll of teleportation
 f - 2 scrolls of summoning
 g - a scroll of amnesia
 r - a scroll of enchant weapon
Potions
 b - 2 potions of brilliance
 d - 2 potions of ambrosia
 e - 2 potions of degeneration {unknown}
 h - 3 potions of mutation
 i - 2 potions of cancellation {unknown}
 l - 2 potions of flight {unknown}
 m - 2 potions of haste
 n - 4 potions of invisibility {unknown}
 o - 2 potions of curing {unknown}
 p - a potion of resistance {unknown}
 q - a potion of lignification
 s - a potion of magic {unknown}


   Skills:
 + Level 6.0 Fighting
 - Level 2.0 Dodging
 - Level 7.0 Stealth
 - Level 0.1 Shields
 - Level 7.0 Unarmed Combat
 - Level 3.2 Spellcasting
 - Level 2.6 Transmutations
 - Level 4.0 Poison Magic


You had 5 spell levels left.
You knew the following spells:

 Your Spells              Type           Power      Damage    Failure   Level
a - Olgreb's Toxic Radia  Pois           18%        N/A       50%         4
b - Wereblood             Tmut           12%        N/A       21%         2
c - Spider Form           Tmut/Pois      15%        N/A       28%         3

Your spell library contained the following spells:

 Spells                   Type           Power      Damage    Failure   Level
 Sting                    Tmut/Pois      60%        1d6       12%         1
 Beastly Appendage        Tmut           24%        N/A       14%         1
 Poisonous Vapours        Pois/Air       20%        N/A       24%         2
 Shock                    Conj/Air       12%        1d3       34%         1
 Scorch                   Fire           6%         2d5       43%         2
 Inner Flame              Hex/Fire       3%         N/A       63%         3
 Swiftness                Air            3%         N/A       63%         3
 Ice Form                 Ice/Tmut       8%         N/A       83%         4
 Airstrike                Air            1%         N/A       94%         4
 Cause Fear               Hex            1%         N/A       94%         4
 Flame Wave               Conj/Fire      3%         2d4       94%         4
 Summon Cactus Giant      Summ           1%         N/A       100%        6
 Discord                  Hex            1%         N/A       100%        8


Dungeon Overview and Level Annotations

Branches:
Dungeon (6/15)              Sewer (visited)
 Temple: D:4-7

Altars:
Cheibriados
Dithmenos
Hepliaklqana
Ru
Wu Jian
The Shining One


Innate Abilities, Weirdness & Mutations

You are a venomous arachnid creature.
You have poisonous fangs.
You are tiny and dextrous.
Your spellcasting is less reliable in this form.
Your armour is entirely melded.
You are incapable of wielding weapons or throwing items.
You cannot wear most types of armour.
((You are amphibious.))
You can wear up to eight rings at the same time.
((Your skin changes colour to match your surroundings (Stealth+).))
((Your rubbery body absorbs attacks. (AC +1, EV +1)))
((You are camouflaged when in or above water. (Stealth+)))
((You have tentacles for arms and can constrict up to eight enemies at once.))


Message History

The gnoll misses you.
You hit the gnoll.
The gnoll looks as sick as possible!
The gnoll is heavily wounded.
The gnoll closely misses you. The gnoll completely misses you. x2
You bite the gnoll!
The gnoll is poisoned.
The gnoll is heavily wounded.
You kill the gnoll!
Dithmenos accepts your kill. The gnoll hits you with a +0 spear!
Your Fighting skill increases to level 6!
You completely miss the gnoll.
The gnoll is severely wounded.
Your transformation is almost over.
The gnoll completely misses you.
You bite the gnoll!
You kill the gnoll!
Dithmenos accepts your kill.
You see here a +0 spear.
Your transformation has ended.
A komodo dragon comes into view.
A komodo dragon is nearby!
A komodo dragon is nearby!
You turn into a venomous arachnid creature.
The komodo dragon hisses angrily.
You hear a shout!
You hit the komodo dragon but do no damage.
The komodo dragon bites you!!
You hit the komodo dragon.
The komodo dragon is poisoned.
The komodo dragon is lightly wounded.
An ufetubus comes into view.
The komodo dragon barely misses you.
You hit the komodo dragon.
The komodo dragon looks as sick as possible!
The komodo dragon is lightly wounded.
You barely miss the komodo dragon.
The komodo dragon is lightly wounded.
Your shadow hits the komodo dragon but does no damage.
The komodo dragon bites you!!
Ouch! That really hurt!
You die...

#..#. #. .. # ....
#..# # .#.###..# #.##
...##..# #.## #..##..#
#.## #.l##..# #.##
#.s##..##### #.##
#.5........#####>##
#...).......)....##
.........)............
##.#####..####.#######
#. #..# #.# # .....
..# .....######
#.###≈≈


You could see a komodo dragon (extremely poisoned) and an ufetubus.

Vanquished Creatures
  Edmund (D:5)
  Duvessa (D:5)
  A black bear (D:5)
  4 kobold brigands (Sewer)
  Blork the orc (D:5)
  A necrophage (D:4)
  4 scorpions
  Dowan (D:5)
  An orc priest (D:5)
  3 jellies (D:5)
  A gnoll shaman (D:4)
  3 hounds
  Jessica (D:3)
  4 iguanas
  Robin (D:4)
  7 adders
  10 gnolls
  2 white imps (D:5)
  An ufetubus (D:3)
  4 worms
  7 dart slugs
  5 orcs
  11 bats
  8 endoplasms
  5 giant cockroaches
  12 hobgoblins
  25 kobolds
  10 quokkas
  9 ball pythons
  3 frilled lizards
  24 goblins
  5 rats
176 creatures vanquished.

Vanquished Creatures (others)
  2 plants
2 creatures vanquished.

Grand Total: 178 creatures vanquished

Notes
Turn   | Place    | Note
-------+----------+-------------------------------------------
     0 | D:1      | ytrimaz the Octopode Transmuter began the quest for the
                  | Orb.
     0 | D:1      | Reached XP level 1. HP: 13/13 MP: 3/3
   189 | D:1      | Reached XP level 2. HP: 18/18 MP: 3/5
   216 | D:1      | Learned a level 2 spell: Wereblood
   288 | D:1      | Found a faded altar of an unknown god.
   305 | D:1      | Prayed at the altar of an unknown god.
   305 | D:1      | Became a worshipper of Dithmenos the Shadowed
   305 | D:1      | Reached * piety under Dithmenos
   492 | D:1      | Reached XP level 3. HP: 20/23 MP: 5/7
   821 | D:1      | Identified a scroll of acquirement
   821 | D:1      | Acquired the ring "Mucuh" {rC+ MP+9 Str+2}
   995 | D:2      | Reached skill level 1 in Stealth
  1092 | D:2      | Learned a level 3 spell: Spider Form
  1567 | D:2      | Reached XP level 4. HP: 28/28 MP: 8/8
  2141 | D:3      | Reached ** piety under Dithmenos
  2274 | D:3      | Reached skill level 1 in Poison Magic
  2340 | D:3      | Found a glowing drain.
  2355 | Sewer    | Entered a sewer
  2436 | Sewer    | Noticed a kobold brigand
  2462 | Sewer    | Killed a kobold brigand
  2463 | Sewer    | Reached XP level 5. HP: 23/33 MP: 9/9
  2644 | Sewer    | Noticed a kobold brigand
  2655 | Sewer    | Killed a kobold brigand
  2656 | Sewer    | Reached skill level 5 in Stealth
  2656 | Sewer    | Reached XP level 6. HP: 8/38 MP: 10/10
  3066 | Sewer    | Learned a level 4 spell: Olgreb's Toxic Radiance
  3288 | D:3      | Found a snail-covered altar of Cheibriados.
  3501 | D:3      | Found a sacrificial altar of Ru.
  3700 | D:3      | Reached *** piety under Dithmenos
  3742 | D:3      | Reached XP level 7. HP: 36/43 MP: 11/11
  4024 | D:3      | Noticed Jessica
  4034 | D:3      | Killed Jessica
  4178 | D:3      | Found an ornate altar of the Wu Jian Council.
  4178 | D:3      | Found a glowing golden altar of the Shining One.
  4388 | D:4      | Found a hazy altar of Hepliaklqana.
  4456 | D:4      | Identified the +3 scale mail of Puihad Xiyn {rN+ Int+5}
  5017 | D:4      | Reached skill level 5 in Unarmed Combat
  5206 | D:4      | Noticed Robin
  5236 | D:4      | Reached **** piety under Dithmenos
  5248 | D:4      | Killed Robin
  5450 | D:4      | Reached XP level 8. HP: 47/48 MP: 12/12
  5778 | D:5      | Entered Level 5 of the Dungeon
  5778 | D:5      | Noticed Blork the orc
  5791 | D:5      | Killed Blork the orc
  6271 | D:5      | Noticed Duvessa
  6271 | D:5      | Noticed Dowan
  6288 | D:5      | Killed Duvessa
  6298 | D:5      | Killed Dowan
  6598 | D:5      | Noticed Edmund
  6608 | D:5      | Killed Edmund
  6609 | D:5      | Reached skill level 5 in Fighting
  6970 | D:6      | Reached XP level 9. HP: 58/62 MP: 13/13
  7047 | D:6      | Noticed a komodo dragon
  7054 | D:6      | Slain by a komodo dragon

Illustrated notes

Levels and vault maps discovered:
D:1:      evilmike_arrival_rings, layout_loops_cross,
          dreamdust_ecumenical_altar_grove
D:2:      layout_basic, kennysheep_nub
D:3:      minmay_razor_zed, layout_basic, nicolae_ru_great_annihilating_truth,
          mainiacjoe_overflow_surrounded_room,
          gammafunk_temple_overflow_elements, cheibrodos_sewer_entry_sluice,
          minmay_misc_feat_iff, minmay_cupped, uniq_jessica
D:4:      layout_loops_cross, mainiacjoe_overflow_paths, uniq_robin
D:5:      layout_cave_pools, kennysheep_dice, uniq_duvessa, uniq_edmund,
          uniq_blork_the_orc
D:6:      wander_river, layout_basic, makhleb_heckhound_becter

Skill      XL: |  1  2  3  4  5  6  7  8  9 |
---------------+----------------------------+-----
Stealth        | 2 4 5 7 |  7.0
Spellcasting   | 3 |  3.2
Poison Magic   | 1 2 3 4 |  4.0
Unarmed Combat | 5 7 |  7.0
Fighting       | 5 6 |  6.0
Dodging        | |  2.0
Shields        | |  0.1
Transmutations | |  2.6

Action                   |  1- 3 |  4- 6 |  7- 9 || total
-------------------------+-------+-------+-------++-------
Melee: Unarmed           |    74 |   146 |   236 ||   456
       Constrict         |    21 |    28 |    19 ||    68
       Tentacles         |    15 |    15 |    18 ||    48
       Kick              |    21 |     8 |       ||    29
       Punch             |       |     2 |     3 ||     5
 Cast: Beastly Appendage |    24 |     8 |       ||    32
       Wereblood         |       |     8 |     7 ||    15
       Spider Form       |       |     4 |    24 ||    28
  Use: Scroll            |     1 |     6 |     7 ||    14
       Potion            |       |     3 |     2 ||     5
 Stab: Sleeping          |     6 |    11 |    10 ||    27
Armor: Skin              |     6 |    13 |    13 ||    32
Dodge: Dodged            |    50 |   105 |   244 ||   399

Table legend: (Time is in decaauts)
 A = Elapsed time spent in this place.
 B = Non-inter-level travel time spent in this place.
 C = Inter-level travel time spent in this place.
 D = Time resting spent in this place.
 E = Time spent auto-exploring this place.
 F = Levels seen in this place.
 G = Mean time per level.
                   A        B        C        D        E       F      G
               +--------+--------+--------+--------+--------+-----+--------+
         Total |   7003 |   6873 |    130 |    749 |   4621 |   7 | 1000.4 |
       Dungeon |   6112 |   5982 |    130 |    294 |   4405 |   6 | 1018.7 |
         Sewer |    890 |    890 |      0 |    455 |    216 |   1 |  890.0 |
               +--------+--------+--------+--------+--------+-----+--------+

Top non-repeatable levels by time:
     D:4: 1392 daAuts
     D:3: 1357 daAuts
     D:2: 1253 daAuts
     D:5: 1062 daAuts
   Sewer: 890 daAuts
     D:1: 844 daAuts
     D:6: 201 daAuts
